 Dungeon Crawl Stone Soup version 0.26-a0-851-g735459dd53 (webtiles) character file.

Game seed: 9162499057582756496

2341003 EnegeticOcto the Wrestler (level 25, 239/239 HPs)
             Began as a Palentonga Transmuter on Nov 21, 2020.
             Was the Champion of Jiyva.
             Escaped with the Orb
             ... and 4 runes!
             The game lasted 02:24:53 (66939 turns).

EnegeticOcto the Wrestler (Palentonga Transmuter)  Turns: 66939, Time: 02:24:53

Health: 239/239    AC: 41    Str: 24    XL:     25   Next: 49%
Magic:  31/35      EV: 19    Int: 31    God:    Jiyva [******]
Gold:   2263       SH:  0    Dex: 25    Spells: 5/40 levels left

rFire    + . .     SeeInvis +     - Unarmed
rCold    + + .     Faith    .   (shield currently unavailable)
rNeg     + + +     Spirit   +   R - +8 ice dragon scales "Soshry" {+Inv rF- rC++ Dex+7}
rPois    +         Reflect  .   y - +2 helmet
rElec    +         Harm     +   F - +2 cloak of the Thief {*Fog Slay-2 SInv Stlth+}
rCorr    +         Rampage  .   (gloves currently unavailable)
MR       +++..                  D - +3 barding "Hishriske" {Harm rF+ MR+ Dex+4}
Stlth    +.........             Q - amulet of Beubutt {Spirit *Drain rElec rPois rN+++}
HPRegen  0.89/turn              S - ring "Xiolae" {rF+ rN+ Int+4 Dex+6}
MPRegen  0.24/turn              T - ring "Kaucoah" {rPois MR+ Str+6 Int+8 Dex-5}

@: blade hands
A: large, rugged brown scales 3, see invisible, deformed body, regeneration 1,
acidic bite, gelatinous body 3, tendrils, jelly sensing items, jelly absorbing
missiles, subdued magic 1, roll 1, armoured tail, reflexive curl
0: Orb of Zot
}: 4/15 runes: decaying, slimy, silver, gossamer
a: Rolling Charge, End Transformation, Request Jelly, Slimify, Cure Bad
Mutation, Renounce Religion, Evoke Invisibility


You escaped.
You worshipped Jiyva.
Jiyva was exalted by your worship.
You had blades for hands.
You visited 11 branches of the dungeon, and saw 55 of its levels.
You visited 1 bazaar.
You also visited: Gauntlet and Desolation.

You collected 5342 gold pieces.
You spent 3079 gold pieces at shops.

Inventory:

Armour
 n - a +3 barding of flying
   (You acquired it on level 13 of the Dungeon)
 y - a +2 helmet (worn)
   (You found it on level 4 of the Dungeon)
 D - the +3 barding "Hishriske" (worn) {Harm rF+ MR+ Dex+4}
   (You acquired it on level 4 of the Vaults)

   It affects your dexterity (+4).
   It protects you from fire.
   It affects your resistance to hostile enchantments.
   It increases damage dealt and taken.
 F - the +2 cloak of the Thief (worn) {*Fog Slay-2 SInv Stlth+}
   (You found it on level 3 of the Elven Halls)

   It affects your accuracy and damage with ranged weapons and melee attacks
   (-2).
   It lets you see invisible.
   It makes you more stealthy.
 H - a +3 kite shield of protection (melded)
   (You acquired it on level 1 of the Elven Halls)
 R - the +8 ice dragon scales "Soshry" (worn) {+Inv rF- rC++ Dex+7}
   (You took it off a minotaur in a Gauntlet)

   It affects your dexterity (+7).
   It makes you vulnerable to fire.
   It greatly protects you from cold.
   It lets you turn invisible.
Jewellery
 P - a +4 ring of protection {=R}
   (You found it on level 2 of the Lair of Beasts)
 Q - the amulet of Beubutt (around neck) {Spirit *Drain rElec rPois rN+++}
   (You found it in a Gauntlet)

   [amulet of guardian spirit]

   It causes incoming damage to be split between your health and magic.
   It insulates you from electricity.
   It protects you from poison.
   It renders you almost immune to negative energy.
   It causes draining when unequipped.
 S - the ring "Xiolae" (left scythe-like blade) {rF+ rN+ Int+4 Dex+6}
   (You acquired it on level 1 of the Elven Halls)

   [ring of dexterity]

   It affects your intelligence (+4).
   It affects your dexterity (+6).
   It protects you from fire.
   It protects you from negative energy.
 T - the ring "Kaucoah" (right scythe-like blade) {rPois MR+ Str+6 Int+8 Dex-5}
   (You found it on level 5 of the Pits of Slime)

   [ring of strength]

   It affects your strength (+6).
   It affects your intelligence (+8).
   It affects your dexterity (-5).
   It protects you from poison.
   It affects your resistance to hostile enchantments.
Wands
 c - a wand of flame (78) {@v4}
   (You found it on level 6 of the Dungeon)
 k - a wand of digging (8) {@v3}
   (You found it on level 13 of the Dungeon)
 u - a wand of polymorph (28)
   (You found it on level 6 of the Dungeon)
 G - a wand of iceblast (2) {@v2}
   (You found it on level 11 of the Dungeon)
 J - a wand of enslavement (22)
   (You found it on level 9 of the Dungeon)
 N - a wand of paralysis (13)
   (You found it on level 5 of the Pits of Slime)
Scrolls
 b - 24 scrolls of remove curse {@r2}
 h - a scroll of magic mapping {@r5 !r}
 l - 5 scrolls of fear {!r}
 x - 5 scrolls of fog {!r}
 z - 3 scrolls of identify {@r1}
 C - 3 scrolls of vulnerability
 I - 14 scrolls of teleportation {@r3 !r}
 K - 5 scrolls of immolation
Potions
 d - 3 potions of ambrosia
 e - 19 potions of curing {@q1 !q}
 f - 3 potions of haste {@q4 !q}
 g - 3 potions of magic
 i - 2 potions of invisibility
 j - 5 potions of might {@q3 !q}
 m - 7 potions of brilliance
 o - 3 potions of mutation
 p - 12 potions of lignification {@q6}
 v - 5 potions of flight
 w - a potion of resistance
 A - 9 potions of heal wounds {@q2 !q}
 B - a potion of cancellation
 E - 3 potions of attraction
 L - 3 potions of berserk rage
Miscellaneous
 a - a phantom mirror
   (You found it on level 11 of the Dungeon)
 q - a condenser vane
   (You found it on level 5 of the Pits of Slime)
 r - a box of beasts
   (You found it on level 5 of the Pits of Slime)
 t - a phial of floods
   (You found it on level 11 of the Dungeon)
 M - a tin of tremorstones (2/2)
   (You found it on level 2 of the Swamp)


   Skills:
 - Level 18.0 Fighting
 - Level 15.0 Armour
 - Level 12.0 Dodging
 + Level 8.1 Shields
 + Level 21.2 Unarmed Combat
 - Level 8.0 Spellcasting
 - Level 7.0 Conjurations
 - Level 10.0 Translocations
 - Level 15.0 Transmutations
 * Level 11.9 Poison Magic
 + Level 16.4 Evocations


You had 5 spell levels left.
You knew the following spells:

 Your Spells              Type           Power        Failure   Level
a - Irradiate             Conj/Tmut      ######....   21%         5
b - Blade Hands           Tmut           ######....   10%         5
c - Passage of Golubria   Tloc           N/A          14%         4
d - Yara's Violent Unrav  Hex/Tmut       #####.....   43%         5
e - Eringya's Noxious Bo  Tmut/Pois      ######....   30%         6
p - Passwall              Tmut/Erth      #####...     10%         2
q - Statue Form           Tmut/Erth      #####....    86%         6
Y - Blink                 Tloc           N/A          7%          2

Your spell library contained the following spells:

 Spells                   Type           Power        Failure   Level
 Beastly Appendage        Tmut           ######       3%          1
 Sting                    Tmut/Pois      ####         3%          1
 Wereblood                Tmut           ######..     3%          2
 Spider Form              Tmut/Pois      ######....   5%          3
 Gell's Gravitas          Tloc           ######....   9%          3
 Lesser Beckoning         Tloc           ######....   9%          3
 Teleport Other           Tloc           ######..     9%          3
 Magic Dart               Conj           ####         10%         1
 Searing Ray              Conj           #####.       11%         2
 Ignite Poison            Fire/Tmut/Pois ######..     11%         3
 Olgreb's Toxic Radiance  Pois           ######..     11%         4
 Alistair's Intoxication  Tmut/Pois      ######...    12%         5
 Poisonous Vapours        Pois/Air       #####.       13%         2
 Foxfire                  Conj/Fire      ####         17%         1
 Shock                    Conj/Air       ####         17%         1
 Mephitic Cloud           Conj/Pois/Air  #####...     17%         3
 Iskenderun's Mystic Bla  Conj/Tloc      ######..     21%         4
 Ice Form                 Ice/Tmut       #####...     24%         4
 Petrify                  Tmut/Erth      #####...     24%         4
 Conjure Flame            Conj/Fire      ####....     32%         3
 Dazzling Flash           Conj/Hex       ####..       32%         3
 Static Discharge         Conj/Air       ####....     32%         3
 Stone Arrow              Conj/Erth      ####..       32%         3
 Animate Skeleton         Necr           #.....       38%         1
 Corona                   Hex            #......      38%         1
 Pain                     Necr           #...         38%         1
 Sandblast                Erth           #.....       38%         1
 Corpse Rot               Necr/Air       N/A          47%         2
 Ensorcelled Hibernation  Hex/Ice        #.....       47%         2
 Swiftness                Air            #.......     47%         2
 Iskenderun's Battlesphe  Conj           #####...     47%         5
 Fulminant Prism          Conj/Hex       ####......   58%         4
 Confusing Touch          Hex            #.......     65%         3
 Tukima's Dance           Hex            #.......     65%         3
 Vampiric Draining        Necr           #.........   65%         3
 Summon Forest            Summ/Tloc      ####......   69%         5
 Animate Dead             Necr           #.........   91%         4
 Cause Fear               Hex            #.........   91%         4
 Leda's Liquefaction      Hex/Erth       #.........   91%         4
 Summon Lightning Spire   Summ/Air       #.......     91%         4
 Bolt of Magma            Conj/Fire/Erth ###.......   93%         5
 Agony                    Necr           #.......     99%         5
 Excruciating Wounds      Necr           #.........   99%         5
 Lee's Rapid Deconstruct  Erth           #.........   99%         5
 Metabolic Englaciation   Hex/Ice        #.........   99%         5
 Silence                  Hex/Air        #.........   99%         5
 Hydra Form               Tmut           ######....   21%         6
 Dragon Form              Tmut           ######....   52%         7
 Dispersal                Tloc           ######....   61%         6
 Conjure Ball Lightning   Conj/Air       ####......   100%        6
 Death Channel            Necr           #.........   100%        6
 Freezing Cloud           Conj/Ice/Air   ###.......   100%        6
 Iron Shot                Conj/Erth      ####......   100%        6
 Malign Gateway           Summ/Tloc      ####......   100%        7
 Orb of Destruction       Conj           #####.....   100%        7
 Spellforged Servitor     Conj/Summ      ####......   100%        7
 Discord                  Hex            #.........   100%        8
 Disjunction              Tloc           ######....   100%        8
 Shatter                  Erth           #.........   100%        9
 Tornado                  Air            #.........   100%        9


Dungeon Overview and Level Annotations

Branches:
Dungeon (15/15)            Temple (1/1) D:7            Lair (6/6) D:11
  Swamp (4/4) Lair:3       Spider (4/4) Lair:4        Slime (5/5) Lair:6
    Orc (2/2) D:10            Elf (3/3) Orc:2        Vaults (5/5) D:14
  Crypt (0/3) Vaults:3     Depths (5/5) D:15            Zot (5/5) Depths:5
Desolation (visited)      Gauntlet (visited)

Altars:
Ashenzari
Cheibriados
Dithmenos
Elyvilon
Fedhas
Gozag
Hepliaklqana
Kikubaaqudgha
Makhleb
Nemelex Xobeh
Okawaru
Qazlal
Ru
Sif Muna
Trog
Uskayaw
Vehumet
Wu Jian
Xom
Yredelemnul
Zin
The Shining One
Beogh
Jiyva
Lugonu

Shops:
D:6 *   D:9 ?   D:10 [*=}   D:14 (   Orc:2 (!}}   Vaults:3 }   Depths:2 *:

Portals:
Hell: Depths:1 Depths:2 Depths:3
Abyss: Depths:1 Depths:2 Depths:3 Depths:5
Pandemonium: Depths:3

Annotations:
D:3 3 runed translucent doors, Askman's ghost, amateur DsFi
Swamp:1 2 transporters, Scypier's ghost, adept MiBe
Slime:5 Royal Jelly
Elf:2 3 runed translucent doors
Depths:2 1 transporter
Depths:3 2 transporters, Qennyv's ghost, veteran VSFi
Zot:5 1 exclusion


Innate Abilities, Weirdness & Mutations

You are completely covered in rugged brown scales. (AC +3, +7% HP)
You have supernaturally acute eyesight. (SInv)
Armour fits poorly on your strangely shaped body.
You can roll at nearby foes to attack.
You have a long armoured tail.
You curl defensively after being hit.
Your natural rate of healing is unusually fast.
You have acidic saliva.
Your gelatinous body deflects attacks. (AC +3, EV +3)
You are covered in slimy tendrils that may disarm your opponents.
You have a small jelly attached to you that senses nearby items.
You have a small jelly attached to you that may absorb incoming projectiles.
Your spells are a little easier to cast, but a little less powerful.


Message History

You start resting.
An Executioner comes into view.
The Executioner moves out of view.
You start resting.
Jiyva's power touches on your attributes.
You feel agile.
You feel stupid.
Roll where?
Press: ? - help, Dir - move target cursor, f - Executioner
Aim: an Executioner (wandering, hasn't noticed you)
You roll forward with a clatter of scales!
The Executioner gives a hideous shriek!
You hit the Executioner but do no damage.
You hear a shout! x2
The Executioner completely misses you. You block the Executioner's attack. x2
The Executioner hits you but does no damage.
You block the Executioner's attack. x2
Casting: Blade Hands (mildly dangerous; 1% risk of failure)
Confirm with . or Enter, or press ? or * to list all spells.
Your hands turn into razor-sharp scythe blades.
Your +3 kite shield of protection melds into your body.
You feel less protected.
The Executioner hits you but does no damage. x2
The Executioner completely misses you. The Executioner hits you!
The Executioner hits you but does no damage. x2
You slice the Executioner!!
The Executioner is heavily wounded.
The Executioner hits you but does no damage. x3
You shred the Executioner!!!
You kill the Executioner!
No target in view!
No target in view!
A torturous warmonger comes into view.
It is wielding a +2 demon blade of venom and wearing a +1 plate armour of cold resistance.
The torturous warmonger unwields a +2 demon blade of venom.
It stops dripping with poison.
The torturous warmonger wields a +6 vorpal longbow.
The torturous warmonger shoots an arrow.
The arrow barely misses you.
There is a staircase leading out of the dungeon here.
You see here an arrow.
A torturous warmonger is nearby!
Roll where?
Press: ? - help, Dir - move target cursor, f - torturous warmonger
Aim: a torturous warmonger, wielding a +6 vorpal longbow, wearing a +1 plate armour of cold resistance and quivering 20 arrows You roll forward with a clatter of scales!
You shred the torturous warmonger!!!!
You kill the torturous warmonger!
A torturous corrupter comes into view. It is wielding a +0 great sword.
There is a staircase leading out of the dungeon here.
You see here an arrow.
Roll where?
Press: ? - help, Dir - move target cursor, f - torturous corrupter
Aim: a torturous corrupter, wielding a +0 great sword and wearing a +0 chain mail You roll forward with a clatter of scales!
You slash the torturous corrupter!
The torturous corrupter is moderately wounded.
The torturous corrupter barely misses you.
You slice the torturous corrupter!!
Your tail-slap misses the torturous corrupter.
Your slash misses the torturous corrupter.
The torturous corrupter is heavily wounded.
You shred the torturous corrupter!!!
You kill the torturous corrupter!
No target in view!
There is a staircase leading out of the dungeon here.
You see here an arrow.
You start resting.
HP restored.
Magic restored.
You start waiting.
Your transformation is almost over.
You start waiting.
Your hands revert to their normal proportions.
Your +3 kite shield of protection unmelds from your body.
You feel protected.
You start waiting.
An Orb Guardian comes into view.
The Orb Guardian moves out of view.
You start waiting.
An Orb Guardian is nearby!
Casting: Blade Hands (mildly dangerous; 1% risk of failure)
Confirm with . or Enter, or press ? or * to list all spells.
Your hands turn into razor-sharp scythe blades.
Your +3 kite shield of protection melds into your body.
You feel less protected.
Roll where?
Press: ? - help, Dir - move target cursor, f - Orb Guardian
Aim: an Orb Guardian You roll forward with a clatter of scales!
You shred the Orb Guardian!!!
The Orb Guardian is severely wounded.
The Orb Guardian completely misses you.
You slash the Orb Guardian!
Your tail-slap misses the Orb Guardian.
You slash the Orb Guardian, but do no damage.
The Orb Guardian is almost dead.
The Orb Guardian hits you but does no damage.
There is a staircase leading out of the dungeon here.
You see here an arrow.
You slash the Orb Guardian!
You kill the Orb Guardian!
You have escaped!

#.#####.#..........# #.#
#.#####.####.#
###.#####.#####.# #.#
#.......#.......# #.#
#...###.##......# #.####
#..####.##......####....#
#....##.##......#.......#
#.##.############.#####.#
#.##.#....@....##.#####.#
#....#.#.....#.##.##....#
####.#.#.....#.##.##.##.#
#.#.........##.##.##.#
#.##)##+##'###.......#
#.#.........#.....####
#........##.#######
#......#.......#
#......#.##.##.# #####


There were no monsters in sight!

Vanquished Creatures
  An orb of fire (Zot:5)
  A pandemonium lord (Zot:5)
  Bai Suzhen (Elf:3)
  Xtahua (Vaults:2)
  Margery (Depths:3)
  Nikola (Spider:2)
  A curse toe (Zot:5)
  2 golden dragons
  Jory (Vaults:3)
  Arachne (Spider:4)
  A bone dragon (Depths:5)
  2 Tzitzimimeh
  8 tentacled monstrosities
  Jorgrun (Spider:2)
  3 titans (Vaults:5)
  Rupert (D:14)
  3 deep elf blademasters (Elf:3)
  4 quicksilver dragons
  3 deep elf master archers (Elf:3)
  4 liches
  5 Orb Guardians
  8 acid blobs
  An Executioner (D:1)
  5 sphinxes
  A death cob (Zot:4)
  Kirke (Swamp:1)
  A thorn hunter (Swamp:2)
  Agnes (Spider:3)
  11 storm dragons
  8 tengu reavers
  Roxanne (Spider:4)
  6 draconian monks
  2 azure jellies
  A fenstrider witch (Swamp:1)
  5 fire giants
  3 shadow dragons
  2 draconian knights (Zot:5)
  8 ghost moths
  An iron dragon (Depths:5)
  6 deep elf sorcerers
  Aizul (Depths:3)
  11 vault wardens
  4 draconian scorchers
  12 frost giants
  Louise (D:14)
  A warmonger (D:1)
  3 deep elf elementalists
  4 emperor scorpions
  6 draconian shifters
  An orc warlord (Orc:2)
  15 ironheart preservers
  A draconian annihilator (Zot:5)
  2 balrugs (Depths:3)
  14 stone giants
  4 entropy weavers
  A reaper (D:10)
  A caustic shrike skeleton (Depths:2)
  2 draconian stormcallers
  7 war gargoyles
  14 very ugly things
  5 vampire knights
  4 green draconians
  6 grey draconians
  Nessos (D:14)
  3 bunyips
  5 black draconians
  14 deep elf annihilators
  7 deep elf demonologists
  A corrupter (D:1)
  Azrael (Spider:3)
  5 yellow draconians
  3 halazid warlocks (Desolation)
  3 purple draconians (Zot:5)
  13 spark wasps
  2 red draconians
  3 white draconians
  4 deep elf death magi (Elf:3)
  17 ettins
  3 crystal guardians (Desolation)
  5 eleionomae
  Snorg (D:12)
  A blizzard demon (Zot:1)
  11 fire dragons
  3 jiangshi (Depths:1)
  19 yaktaur captains
  2 death oozes
  3 ragged hierophants (Desolation)
  4 deep elf high priests
  10 ice dragons
  9 boulder beetles
  2 great orbs of eyes
  7 servants of whispers (Desolation)
  6 peacekeepers (Desolation)
  32 vault guards
  12 hydras
  2 ghost crabs
  A hell beast (D:9)
  6 catoblepae
  10 rakshasas
  4 centaur warriors
  3 spriggan air magi
  4 death knights
  13 dancing weapons
  10 death yaks
  7 alligators
  10 ogre magi
  9 deep troll earth magi
  17 two-headed ogres
  7 deep troll shamans
  2 spriggan berserkers (Depths:3)
  2 vampire magi
  6 tengu warriors
  16 deep elf knights
  A small abomination (Vaults:5)
  Nergalle (Lair:4)
  A titan zombie (Depths:2)
  18 hell knights
  9 spriggans
  2 fire crabs (Swamp:4)
  2 sun demons (Depths:3)
  A salamander mystic (Depths:3)
  A fire crab (shapeshifter) (Vaults:5)
  A skeletal warrior (Vaults:2)
  2 shadow wraiths
  3 iron trolls
  4 unseen horrors
  2 shadow demons
  An unseen horror (shapeshifter) (Gauntlet)
  30 deep trolls
  17 deep elf archers
  A glowing orange brain (Slime:5)
  4 goliath frogs
  5 flayed ghosts
  5 swamp dragons (Swamp:4)
  5 wizards
  26 orc knights
  3 bog bodies
  2 spriggan druids
  9 necromancers
  A lindwurm (Lair:4)
  20 ironbrand convokers
  2 phantasmal warriors
  5 harpies (Vaults:3)
  9 shining eyes
  12 orb spiders
  A stone giant zombie (Depths:1)
  12 orc sorcerers
  2 salamanders (Depths:3)
  3 will-o-the-wisps (Swamp:3)
  18 wolf spiders
  A wolf spider zombie (D:14)
  9 moths of wrath
  3 human zombies (Vaults:2)
  2 manticores (Lair:6)
  13 elephants
  42 ugly things
  4 draconians
  6 cyclopes
  2 moths of wrath (shapeshifter)
  An elephant (shapeshifter) (Gauntlet)
  65 deep elf magi
  A guardian serpent (shapeshifter) (D:13)
  6 centaur zombies
  A fire giant skeleton (Depths:1)
  A stone giant skeleton (Depths:1)
  6 black mambas
  14 vault sentinels
  2 gargoyles
  3 guardian serpents (Desolation)
  A smoke demon (Depths:3)
  9 cane toads
  An eye of devastation (Slime:3)
  A molten gargoyle (Desolation)
  2 torpor snails (Spider:4)
  An orange demon (Depths:1)
  2 centaur skeletons
  5 spectral swamp worms (Depths:2)
  2 rime drakes (Lair:6)
  28 yaktaurs
  A kobold demonologist (D:15)
  8 freezing wraiths
  12 komodo dragons
  12 demonic crawlers
  4 efreet
  3 hellwings
  An ice devil (Gauntlet)
  7 trolls
  2 bloated husks
  3 polar bears
  A polar bear (shapeshifter) (Depths:2)
  A meliai (shapeshifter) (Gauntlet)
  25 jumping spiders
  Prince Ribbit (D:9)
  47 slime creatures
  55 saltlings (Desolation)
  13 blink frogs
  5 tyrant leeches
  18 hornets
  2 stone giant simulacra
  A dream sheep (Vaults:1)
  A raiju (shapeshifter) (Vaults:1)
  Sigmund (D:3)
  83 redbacks
  2 shadows
  3 wraiths
  2 vampires (D:12)
  31 tarantellas
  The ghost of Howlingfantods the Skirmisher, an amateur MiDe (D:8)
  7 water elementals
  5 wyverns
  5 basilisks
  7 fire elementals
  32 yaks
  15 humans
  6 vampire mosquitoes
  A yaktaur simulacrum (Vaults:2)
  A spriggan skeleton (Depths:2)
  3 steam dragons (Swamp:4)
  A swamp worm (shapeshifter) (Vaults:5)
  7 wargs
  Menkaure (D:6)
  17 swamp worms
  A warg (shapeshifter) (Vaults:1)
  3 acid dragons
  11 water moccasins
  3 hell hounds (Spider:3)
  A black bear (shapeshifter) (Vaults:1)
  36 orc warriors
  3 sky beasts
  7 swamp drakes
  3 black bears
  5 eyes of draining
  An ice beast (D:11)
  A necrophage (D:13)
  A phantom (D:5)
  35 ogres
  9 boggarts
  17 centaurs
  3 wolves (Lair:5)
  3 big kobolds
  An earth elemental (Elf:1)
  15 bullfrogs
  A gnoll sergeant (Orc:2)
  6 killer bees (D:12)
  16 wights
  4 howler monkeys
  3 electric eels
  A bullfrog zombie (D:11)
  2 quasits
  15 orc priests
  5 hounds
  19 jellies
  42 orc wizards
  3 bullfrog skeletons
  7 iguanas
  Terence (D:2)
  9 worker ants
  6 hell rats (Lair:3)
  A hound zombie (D:6)
  A hound skeleton (D:4)
  A howler monkey zombie (D:9)
  A worker ant zombie (D:10)
  4 gnolls
  A howler monkey skeleton (D:9)
  15 adders
  A shadow imp (D:5)
  7 white imps
  3 ufetubi
  10 oozes
  2 adder skeletons
  3 worms
  2 dart slugs
  4 leopard geckos
  94 orcs
  A ball python (D:7)
  5 bats
  6 giant cockroaches
  6 goblins
  5 hobgoblins
  8 jackals
  2 quokkas (D:12)
  4 frilled lizards
  18 kobolds
  2 quokka zombies
  3 rats
2017 creatures vanquished.

Vanquished Creatures (collateral kills)
  A Killer Klown (Zot:5)
  2 Orb Guardians (Zot:5)
  A very ugly thing (Depths:3)
  A minotaur (Gauntlet)
  A red draconian (Zot:3)
  2 hydras
  A sixfirhy (Zot:5)
  An ugly thing (Depths:3)
  A cane toad (Lair:4)
  An ice devil (Zot:5)
  A wight (D:14)
13 creatures vanquished.

Vanquished Creatures (others)
  A frost giant (Vaults:2)
  An acid blob (Vaults:2)
  An ironheart preserver (Vaults:2)
  A draconian annihilator (Zot:3)
  A spark wasp (shapeshifter) (Vaults:2)
  A ragged hierophant (Desolation)
  11 great orbs of eyes
  3 yaktaur captains
  An ice dragon (shapeshifter) (Vaults:2)
  A hydra (Swamp:4)
  2 vault guards
  A centaur warrior (Vaults:1)
  3 two-headed ogres (Depths:1)
  An alligator (shapeshifter) (Depths:3)
  6 ogre magi
  A deep troll earth mage (Depths:3)
  A deep troll shaman (Depths:2)
  A spriggan berserker (Depths:3)
  4 glowing orange brains
  3 deep trolls
  An eye of devastation (Vaults:2)
  A death drake (shapeshifter) (Vaults:5)
  An ironbrand convoker (Vaults:1)
  A lindwurm (Swamp:4)
  A necromancer (Depths:2)
  A harpy (Vaults:3)
  4 deep elf magi
  A harpy (shapeshifter) (Vaults:3)
  3 orb spiders
  A draconian (Zot:4)
  2 wolf spiders
  A salamander (Depths:3)
  A guardian serpent (shapeshifter) (Depths:2)
  A manticore (shapeshifter) (Vaults:2)
  A shining eye (shapeshifter) (Depths:3)
  A rust devil (Depths:3)
  A black mamba (shapeshifter) (Vaults:5)
  4 vault sentinels
  A smoke demon (Depths:5)
  An orange demon (Depths:3)
  A komodo dragon (shapeshifter) (Vaults:5)
  7 yaktaurs
  3 floating eyes
  3 jumping spiders
  A merfolk (shapeshifter) (Vaults:2)
  19 slime creatures
  3 air elementals
  3 redbacks
  A spriggan (shapeshifter) (Depths:3)
  A spriggan (Swamp:3)
  A hog (shapeshifter) (Vaults:5)
  A tarantella (Spider:2)
  2 water elementals (Elf:2)
  A steam dragon (Swamp:4)
  2 humans
  2 vampire mosquitoes (Swamp:2)
  2 swamp worms
  2 floating eyes (shapeshifter)
  4 swamp drakes (Swamp:4)
  2 eyes of draining (shapeshifter)
  10 boggarts
  A sky beast (D:10)
  4 ogres
  An orc priest (Vaults:3)
  285 jellies
  2 orc wizards (Orc:2)
  2 orcs
  3 briar patches (Swamp:2)
  10 foxfires (Swamp:3)
  34 fungi
  A lurking horror (Depths:3)
  10 pillars of salt (Elf:1)
  77 plants
575 creatures vanquished.

Grand Total: 2605 creatures vanquished

Notes
Turn   | Place    | Note
-------+----------+-------------------------------------------
     0 | D:1      | EnegeticOcto the Palentonga Transmuter began the quest for
                  | the Orb.
     0 | D:1      | Reached XP level 1. HP: 17/17 MP: 3/3
   248 | D:1      | Reached XP level 2. HP: 17/24 MP: 3/5
   465 | D:1      | Reached skill level 3 in Transmutations
   813 | D:2      | Reached XP level 3. HP: 29/29 MP: 3/6
   952 | D:1      | Learned a level 3 spell: Spider Form
   955 | D:1      | Learned a level 2 spell: Wereblood
  1550 | D:2      | Noticed Terence
  1688 | D:2      | Reached skill level 4 in Transmutations
  1905 | D:2      | Killed Terence
  1906 | D:2      | Reached skill level 1 in Poison Magic
  1906 | D:2      | Reached XP level 4. HP: 37/37 MP: 7/7
  2475 | D:3      | Found a runed translucent gate.
  2475 | D:3      | Found a runed translucent gate.
  2494 | D:3      | Reached XP level 5. HP: 39/43 MP: 8/8
  2572 | D:3      | Reached skill level 2 in Fighting
  2688 | D:3      | Found a runed translucent gate.
  2689 | D:3      | Identified the +10 whip of Wofuaja {venom, rF+ Str+3 Int+3}
  2689 | D:3      | Noticed Askman's ghost (amateur DsFi)
  2852 | D:3      | Noticed Sigmund
  2866 | D:3      | Killed Sigmund
  2867 | D:3      | Reached skill level 3 in Fighting
  2867 | D:3      | Reached skill level 4 in Unarmed Combat
  2867 | D:3      | Reached XP level 6. HP: 54/54 MP: 9/9
  3707 | D:4      | Found a glowing drain.
  4131 | D:4      | Reached skill level 5 in Unarmed Combat
  4391 | D:5      | Entered Level 5 of the Dungeon
  4489 | D:5      | Reached skill level 4 in Fighting
  4520 | D:5      | Noticed a sky beast
  4535 | D:5      | Killed a sky beast
  4536 | D:5      | Gained mutation: You curl defensively after being hit.
                  | [Palentonga growth]
  4536 | D:5      | Reached XP level 7. HP: 29/64 MP: 10/10
  4637 | D:5      | Found an opulent altar of Gozag.
  4640 | D:5      | Found an ornate altar of the Wu Jian Council.
  4643 | D:5      | Found a sacrificial altar of Ru.
  4646 | D:5      | Found a blossoming altar of Fedhas.
  4767 | D:5      | Reached skill level 5 in Fighting
  4902 | D:5      | Reached skill level 6 in Unarmed Combat
  5372 | D:6      | Found Woxuskedd's Assorted Antiques.
  5378 | D:6      | Bought a scroll labelled COSHUT BAKU for 25 gold pieces
  5378 | D:6      | Bought a scroll labelled TEHAPY EPIRGH for 25 gold pieces
  5416 | D:6      | Noticed a red ugly thing
  5615 | D:5      | Reached XP level 8. HP: 70/74 MP: 9/11
  5654 | D:5      | Reached skill level 7 in Unarmed Combat
  5854 | D:6      | Noticed Menkaure
  5862 | D:5      | Reached skill level 6 in Fighting
  5890 | D:6      | Killed a red ugly thing
  5891 | D:6      | Reached skill level 8 in Unarmed Combat
  5943 | D:6      | Killed Menkaure
  5944 | D:6      | Reached skill level 9 in Unarmed Combat
  6181 | D:7      | Reached XP level 9. HP: 73/80 MP: 12/12
  6202 | D:7      | Reached skill level 10 in Unarmed Combat
  6226 | D:7      | Found a staircase to the Ecumenical Temple.
  6336 | Temple   | Entered the Ecumenical Temple
  6951 | D:7      | Found a hide-covered altar of Uskayaw.
  6959 | D:7      | Found a basalt altar of Yredelemnul.
  6960 | D:7      | Found a sparkling altar of Nemelex Xobeh.
  6960 | D:7      | Found an iron altar of Okawaru.
  6960 | D:7      | Found a shimmering altar of Xom.
  6960 | D:7      | Found a radiant altar of Vehumet.
  6961 | D:7      | Found a bloodstained altar of Trog.
  7006 | D:7      | You fall into a shaft and drop 1 floor!
  7006 | D:8      | Found a shadowy altar of Dithmenos.
  7357 | D:8      | Noticed Maurice
  7358 | D:8      | Noticed Maurice
  7358 | D:8      | Maurice changed into Maurice the worm
  7361 | D:8      | Killed Maurice the worm
  7392 | D:8      | Noticed Howlingfantods's ghost (amateur MiDe)
  7393 | D:8      | Noticed a two-headed ogre
  7395 | D:8      | Found a transporter.
  7549 | D:8      | Reached skill level 11 in Unarmed Combat
  7586 | D:8      | You fall into a shaft and drop 3 floors!
  7748 | D:11     | Reached skill level 12 in Unarmed Combat
  7750 | D:10     | Entered Level 10 of the Dungeon
  7769 | D:10     | Found Hesiolos's Jewellery Boutique.
  7776 | D:10     | Reached skill level 5 in Transmutations
  7944 | D:9      | Reached XP level 10. HP: 88/88 MP: 13/13
  8040 | D:9      | Found Faepuept's Magic Scroll Shop.
  8052 | D:9      | Reached skill level 6 in Transmutations
  8086 | D:9      | Bought a scroll of teleportation for 36 gold pieces
  8086 | D:9      | Bought a scroll of enchant armour for 90 gold pieces
  8220 | D:9      | Noticed Prince Ribbit
  8220 | D:9      | You fall into a shaft and drop 1 floor!
  8278 | D:10     | Found Paggon's Armour Emporium.
  8345 | D:9      | Reached skill level 7 in Transmutations
  8456 | D:9      | Killed Prince Ribbit
  8460 | D:9      | Got a warped gossamer ring
  8462 | D:9      | Identified the ring "Nideem" {+Fly rPois MR+} (You found it
                  | on level 9 of the Dungeon)
  8468 | D:9      | Got a smoking scale mail
  8478 | D:9      | Identified the cursed +1 scale mail of Satisfaction {Str+4}
                  | (You found it on level 9 of the Dungeon)
  8640 | D:9      | Reached skill level 8 in Transmutations
  9212 | D:8      | Found a transporter.
  9240 | D:8      | Killed Howlingfantods's ghost
  9415 | D:8      | Got a wavering ivory amulet
  9439 | D:8      | Identified the amulet "Wufoiroung" {Acrobat rN+ Str+4} (You
                  | found it on level 8 of the Dungeon)
  9609 | D:10     | Found Sageh's Assorted Antiques.
  9615 | D:10     | Bought a scroll of teleportation for 87 gold pieces
  9930 | D:10     | Noticed a two-headed ogre
  9943 | D:10     | Killed a two-headed ogre
  9944 | D:10     | Reached skill level 9 in Transmutations
 10199 | D:10     | Reached skill level 10 in Transmutations
 10467 | D:10     | Found a staircase to the Orcish Mines.
 10479 | D:10     | Found Nolu's Gadget Shop.
 11406 | D:11     | Found a staircase to the Lair.
 11474 | D:11     | Found a snail-covered altar of Cheibriados.
 11542 | D:11     | Learned a level 5 spell: Blade Hands
 11596 | Lair:1   | Entered Level 1 of the Lair of Beasts
 11654 | Lair:1   | Reached skill level 1 in Evocations
 11654 | Lair:1   | Reached XP level 11. HP: 88/95 MP: 8/14
 11696 | Lair:1   | Noticed a seven-headed hydra
 11700 | Lair:1   | Killed a seven-headed hydra
 11701 | Lair:1   | Reached skill level 1 in Armour
 11937 | Lair:1   | Reached skill level 2 in Evocations
 12096 | Lair:1   | Reached skill level 2 in Armour
 12443 | Lair:2   | Noticed a four-headed hydra
 12452 | Lair:2   | Killed a four-headed hydra
 12453 | Lair:2   | Reached skill level 3 in Evocations
 12463 | Lair:1   | Reached skill level 11 in Transmutations
 12640 | Lair:2   | Reached skill level 3 in Armour
 12792 | Lair:2   | Reached skill level 4 in Evocations
 13452 | Lair:3   | Found a gate leading to a gauntlet.
 13456 | Gauntlet | Entered a Gauntlet
 13456 | Gauntlet | Found a transporter.
 13456 | Gauntlet | Noticed a death ooze
 13463 | Gauntlet | Found a transporter.
 13465 | Gauntlet | Found a transporter.
 13474 | Gauntlet | Found a transporter.
 13476 | Gauntlet | Found a transporter.
 13478 | Gauntlet | Noticed a two-headed ogre
 13488 | Gauntlet | Found a transporter.
 13488 | Gauntlet | a two-headed ogre changed into a floating eye
 13489 | Gauntlet | Noticed a glowing shapeshifter
 13489 | Gauntlet | a floating eye changed into a glowing shapeshifter
 13490 | Gauntlet | Noticed a glowing orange brain
 13490 | Gauntlet | a glowing shapeshifter changed into a glowing orange brain
 13494 | Gauntlet | a glowing orange brain changed into a water nymph
 13501 | Gauntlet | Found a transporter.
 13501 | Gauntlet | Noticed a hell hog
 13503 | Gauntlet | Noticed a sea snake
 13503 | Gauntlet | a swamp worm changed into a sea snake
 13504 | Gauntlet | a sea snake changed into a moth of wrath
 13506 | Gauntlet | Noticed a sea snake
 13506 | Gauntlet | a moth of wrath changed into a sea snake
 13511 | Gauntlet | Found a transporter.
 13511 | Gauntlet | Noticed a cacodemon
 13519 | Gauntlet | Noticed a green death
 13522 | Gauntlet | Found a transporter.
 13536 | Gauntlet | Found a transporter.
 13539 | Gauntlet | Noticed a sixfirhy
 13551 | Gauntlet | Found a transporter.
 13551 | Gauntlet | Found a transporter.
 13599 | Gauntlet | Found a transporter.
 13614 | Gauntlet | Found a transporter.
 13702 | Gauntlet | Killed a death ooze
 13703 | Gauntlet | Reached skill level 4 in Armour
 13780 | Gauntlet | Noticed a fire crab
 13780 | Gauntlet | an eye of draining changed into a fire crab
 13783 | Gauntlet | Noticed an unseen horror
 13815 | Gauntlet | a fire crab changed into an elephant
 13825 | Gauntlet | Noticed an orb spider
 13825 | Gauntlet | an eye of draining changed into an orb spider
 13827 | Gauntlet | Noticed a harpy
 13827 | Gauntlet | an orb spider changed into a harpy
 13828 | Gauntlet | a harpy changed into a meliai
 13829 | Gauntlet | Reached skill level 5 in Evocations
 13834 | Gauntlet | Killed an unseen horror
 13840 | Gauntlet | Got a scorched silver amulet
 14150 | Gauntlet | Identified the amulet of Beubutt {Spirit *Drain rElec rPois
                  | rN+++} (You found it in a Gauntlet)
 14154 | Gauntlet | Identified the +8 ice dragon scales "Soshry" {+Inv rF- rC++
                  | Dex+7}
 14154 | Gauntlet | Noticed a minotaur
 14163 | Gauntlet | Killed a minotaur
 14164 | Gauntlet | Reached XP level 12. HP: 71/101 MP: 6/15
 14289 | Gauntlet | Identified the Reference Book on Weightlessness and the
                  | Arsonist
 14394 | Lair:3   | Reached skill level 5 in Armour
 14398 | Lair:3   | Reached skill level 12 in Transmutations
 14654 | Lair:3   | Noticed a catoblepas
 14668 | Lair:3   | Killed a catoblepas
 14672 | Lair:3   | Reached skill level 3 in Spellcasting
 14806 | Lair:3   | Learned a level 2 spell: Passwall
 14813 | Lair:3   | Learned a level 5 spell: Irradiate
 14816 | Lair:3   | Learned a level 2 spell: Blink
 15642 | Lair:3   | Noticed an eight-headed hydra
 15653 | Lair:3   | Killed an eight-headed hydra
 15654 | Lair:3   | Reached skill level 7 in Fighting
 15783 | Lair:3   | Found a staircase to the Swamp.
 15978 | Lair:4   | Found a hole to the Spider Nest.
 15980 | Lair:4   | Noticed a catoblepas
 15983 | Lair:4   | Reached skill level 13 in Unarmed Combat
 15983 | Lair:4   | Reached skill level 4 in Spellcasting
 16005 | Lair:4   | Killed a catoblepas
 16442 | Lair:4   | Noticed Nergalle
 16449 | Lair:4   | Killed Nergalle
 16557 | Lair:4   | Reached skill level 6 in Armour
 16905 | Lair:4   | Noticed a boulder beetle
 16918 | Lair:4   | Killed a boulder beetle
 17244 | Lair:5   | Reached skill level 5 in Spellcasting
 17313 | Lair:5   | Reached skill level 8 in Fighting
 17331 | Lair:5   | Noticed a catoblepas
 17339 | Lair:5   | Killed a catoblepas
 17340 | Lair:5   | Reached XP level 13. HP: 90/113 MP: 4/20
 17505 | Lair:5   | Reached skill level 14 in Unarmed Combat
 18156 | Lair:6   | Entered Level 6 of the Lair of Beasts
 18195 | Lair:6   | Reached skill level 6 in Spellcasting
 18200 | Lair:6   | Reached skill level 7 in Armour
 18434 | Lair:6   | Reached skill level 2 in Dodging
 18437 | Lair:6   | Reached skill level 9 in Fighting
 19335 | Lair:6   | Found a staircase to the Slime Pits.
 19466 | Lair:6   | Reached skill level 3 in Dodging
 19466 | Lair:6   | Reached skill level 15 in Unarmed Combat
 19610 | Lair:6   | Reached skill level 7 in Spellcasting
 19620 | Lair:6   | Reached skill level 6 in Evocations
 19620 | Lair:6   | Reached XP level 14. HP: 107/125 MP: 13/24
 20142 | Lair:6   | Found a shimmering altar of Xom.
 20473 | Slime:1  | Entered Level 1 of the Pits of Slime
 20649 | Orc:1    | Entered Level 1 of the Orcish Mines
 20785 | Orc:2    | Entered Level 2 of the Orcish Mines
 21121 | Orc:2    | Found a staircase to the Elven Halls.
 21271 | Orc:2    | Noticed an orc warlord
 21272 | Orc:2    | Reached skill level 8 in Armour
 21284 | Orc:2    | Reached skill level 4 in Dodging
 21288 | Orc:2    | Killed an orc warlord
 21685 | Orc:2    | Reached skill level 10 in Fighting
 21720 | Orc:2    | Found an ancient bone altar of Kikubaaqudgha.
 21722 | Orc:2    | Found Laillejucoph's Gadget Emporium.
 21872 | Orc:2    | Found a roughly hewn altar of Beogh.
 21872 | Orc:2    | Found Qureg's Distillery.
 21889 | Orc:2    | Paralysed by an orc sorcerer for 4 turns
 21927 | Orc:2    | Found Dijos's Antique Weapon Shoppe.
 22022 | Orc:2    | Found a radiant altar of Vehumet.
 22058 | Orc:2    | Bought a potion of heal wounds for 75 gold pieces
 22058 | Orc:2    | Bought a potion of heal wounds for 75 gold pieces
 22058 | Orc:2    | Bought a potion of heal wounds for 75 gold pieces
 22058 | Orc:2    | Bought a potion of heal wounds for 75 gold pieces
 22094 | Orc:2    | Reached skill level 8 in Spellcasting
 22094 | Orc:2    | Reached skill level 7 in Evocations
 22147 | Orc:2    | Found Utriemn's Gadget Emporium.
 22998 | D:12     | Reached skill level 16 in Unarmed Combat
 23360 | D:12     | Reached skill level 5 in Dodging
 23778 | D:12     | Noticed Snorg
 23781 | D:12     | Killed Snorg
 23884 | D:13     | Identified a scroll of acquirement
 23884 | D:13     | Acquired a +0 barding of flying
 25111 | D:14     | Found a gate to the Vaults.
 25111 | D:14     | Noticed Rupert
 25111 | D:14     | Noticed Nessos
 25125 | D:13     | Gained mutation: You are weak. (Str -2) [mutagenic glow]
 25137 | D:13     | Reached XP level 15. HP: 61/133 MP: 11/27
 25142 | D:13     | Gained mutation: You are very weak. (Str -4) [mutagenic
                  | glow]
 25603 | D:14     | Reached skill level 8 in Evocations
 25763 | D:14     | Got a twisted falchion
 25775 | D:14     | Reached skill level 6 in Dodging
 26003 | D:14     | Noticed Louise
 26032 | D:14     | Killed Louise
 26033 | D:14     | Reached skill level 17 in Unarmed Combat
 26534 | D:14     | You are sucked into a shaft and drop 1 floor!
 26534 | D:15     | Entered Level 15 of the Dungeon
 26945 | D:15     | Reached skill level 13 in Transmutations
 26946 | D:15     | Noticed a frost giant
 26947 | D:15     | Found a staircase to the Depths.
 26953 | D:15     | Killed a frost giant
 27291 | D:15     | Reached skill level 7 in Dodging
 27291 | D:15     | Reached skill level 9 in Evocations
 28054 | D:15     | Found an iron altar of Okawaru.
 28198 | D:15     | Noticed a frost giant
 28205 | D:15     | Killed a frost giant
 28289 | D:15     | Noticed a frost giant
 28295 | D:15     | Killed a frost giant
 28460 | D:15     | Identified the +6 falchion "Dyjeu" {speed, Fragile rPois
                  | Str+6} (You found it on level 14 of the Dungeon)
 28488 | D:14     | Killed Nessos
 28524 | D:14     | Killed Rupert
 28717 | D:14     | Found Yloesuq's Antique Weapon Emporium.
 29252 | Slime:1  | Noticed an acid blob
 29283 | Slime:1  | Killed an acid blob
 29479 | Slime:1  | Noticed an acid blob
 29481 | Slime:1  | Reached XP level 16. HP: 119/142 MP: 19/28
 29558 | Slime:1  | Killed an acid blob
 29846 | Slime:3  | Noticed an acid blob
 30001 | Slime:2  | Killed an acid blob
 30151 | Slime:3  | Gained mutation: Your body sometimes deteriorates upon
                  | taking damage. [a shining eye]
 30299 | Slime:4  | Noticed an acid blob
 30343 | Slime:4  | Noticed an acid blob
 30356 | Slime:4  | Reached skill level 8 in Dodging
 30444 | Slime:3  | Reached skill level 10 in Evocations
 30588 | Slime:4  | Killed an acid blob
 30687 | Slime:5  | Entered Level 5 of the Pits of Slime
 30729 | Slime:5  | Reached skill level 14 in Transmutations
 30740 | Slime:5  | Noticed an acid blob
 31040 | Slime:5  | Killed an acid blob
 31041 | Slime:5  | Reached skill level 18 in Unarmed Combat
 31163 | Slime:5  | Noticed an acid blob
 31372 | Slime:5  | Killed an acid blob
 31564 | Slime:5  | Noticed an acid blob
 31572 | Slime:5  | Killed an acid blob
 31857 | Slime:5  | Lost mutation: You are very weak. (Str -4) [a shining eye]
 31859 | Slime:5  | Gained mutation: You are very weak. (Str -4) [a shining
                  | eye]
 31932 | Slime:5  | Noticed an acid blob
 31934 | Slime:5  | Found a viscous altar of Jiyva.
 31935 | Slime:5  | Noticed an acid blob
 31935 | Slime:5  | Noticed an acid blob
 31937 | Slime:5  | Noticed the Royal Jelly
 31939 | Slime:5  | Killed an acid blob
 31940 | Slime:5  | Noticed an acid blob
 31940 | Slime:5  | Noticed an acid blob
 31943 | Slime:5  | Became a worshipper of Jiyva Jefin the Shapeless
 31944 | Slime:5  | Noticed an acid blob
 31960 | Slime:5  | Noticed an acid blob
 31997 | Slime:5  | Noticed an acid blob
 32198 | Spider:1 | Entered Level 1 of the Spider Nest
 32779 | Orc:1    | Reached * piety under Jiyva
 33624 | Orc:2    | Reached ** piety under Jiyva
 33664 | Orc:2    | Reached *** piety under Jiyva
 33999 | D:10     | Gained mutation: You do not regenerate when monsters are
                  | visible. [Jiyva's grace]
 34008 | D:10     | Reached **** piety under Jiyva
 34448 | D:11     | Lost mutation: You are very weak. (Str -4) [Jiyva's grace]
 36320 | D:13     | Reached ***** piety under Jiyva
 36320 | D:13     | Lost mutation: Your body sometimes deteriorates upon taking
                  | damage. [Jiyva's grace]
 36321 | D:13     | Lost mutation: You are weak. (Str -2) [Jiyva's power]
 36421 | D:14     | Gained mutation: You can translocate small distances at
                  | will. [Jiyva's grace]
 36480 | D:14     | Lost mutation: You do not regenerate when monsters are
                  | visible. [Jiyva's power]
 38458 | D:9      | Gained mutation: You are covered in slimy tendrils that may
                  | disarm your opponents. [Jiyva's grace]
 38710 | D:8      | Gained mutation: You are weak. (Str -2) [Jiyva's grace]
 38907 | D:6      | Gained mutation: Your rubbery body absorbs attacks. (AC +1,
                  | EV +1) [Jiyva's grace]
 39279 | D:7      | Reached ****** piety under Jiyva
 39561 | Slime:5  | Noticed an acid blob
 39610 | Slime:5  | Lost mutation: You are weak. (Str -2) [Jiyva's grace]
 39647 | Slime:5  | Lost mutation: You can translocate small distances at will.
                  | [Jiyva's grace]
 39653 | Slime:5  | Gained mutation: You have a small jelly attached to you
                  | that senses nearby items. [Jiyva's grace]
 39655 | Slime:5  | Got a crude platinum amulet
 39658 | Slime:5  | Got a scorched golden ring
 39658 | Slime:5  | Noticed an acid blob
 39668 | Slime:5  | Got a slimy rune of Zot
 39683 | Slime:5  | Identified the ring "Kaucoah" {rPois MR+ Str+6 Int+8 Dex-5}
                  | (You found it on level 5 of the Pits of Slime)
 39688 | Slime:5  | Identified the amulet "Amorchyett" {Inacc Dex+4} (You found
                  | it on level 5 of the Pits of Slime)
 39691 | Slime:5  | Lost mutation: You have a small jelly attached to you that
                  | senses nearby items. [Jiyva's grace]
 39894 | Spider:1 | Reached skill level 11 in Evocations
 40981 | Spider:2 | Reached skill level 1 in Conjurations
 40983 | Spider:2 | Noticed Jorgrun
 40996 | Spider:2 | Killed Jorgrun
 41223 | Spider:2 | Noticed Nikola
 41234 | Spider:2 | Killed Nikola
 41322 | Spider:2 | Gained mutation: Your magical capacity is low. (-10% MP)
                  | [Jiyva's grace]
 41348 | Spider:2 | Reached skill level 2 in Conjurations
 41364 | Spider:2 | Reached XP level 17. HP: 99/149 MP: 18/26
 41769 | Spider:2 | Gained mutation: You are agile. (Dex +2) [Jiyva's grace]
 42211 | Spider:3 | Noticed Agnes
 42221 | Spider:3 | Killed Agnes
 42344 | Spider:3 | Lost mutation: Your magical capacity is low. (-10% MP)
                  | [Jiyva's grace]
 42384 | Spider:3 | Gained mutation: You are weak. (Str -2) [mutagenic glow]
 42451 | Spider:3 | Noticed Azrael
 42462 | Spider:3 | Killed Azrael
 42463 | Spider:3 | Reached skill level 3 in Conjurations
 42465 | Spider:3 | Lost mutation: You are weak. (Str -2) [Jiyva's grace]
 42479 | Spider:3 | Reached skill level 15 in Transmutations
 42501 | Spider:3 | Identified Penladd's Guide on Shifting Attacks
 42526 | Spider:3 | Lost mutation: Your rubbery body absorbs attacks. (AC +1,
                  | EV +1) [Jiyva's grace]
 42575 | Spider:3 | Learned a level 5 spell: Yara's Violent Unravelling
 43052 | Spider:4 | Entered Level 4 of the Spider Nest
 43258 | Spider:4 | Reached skill level 4 in Conjurations
 43372 | Spider:4 | Reached skill level 9 in Armour
 43379 | Spider:4 | Reached skill level 11 in Fighting
 43524 | Spider:3 | Gained mutation: You have a small jelly attached to you
                  | that may absorb incoming projectiles. [Jiyva's grace]
 43932 | Spider:4 | Reached skill level 12 in Evocations
 44005 | Spider:3 | Reached skill level 5 in Conjurations
 44506 | Spider:4 | Noticed Arachne
 44515 | Spider:4 | Killed Arachne
 44785 | Spider:4 | Gained mutation: Your flesh is cold resistant. (rC+)
                  | [Jiyva's grace]
 44829 | Spider:4 | Reached skill level 6 in Conjurations
 44830 | Spider:4 | Lost mutation: You are agile. (Dex +2) [potion of mutation]
 44830 | Spider:4 | Lost mutation: You have a small jelly attached to you that
                  | may absorb incoming projectiles. [potion of mutation]
 44830 | Spider:4 | Lost mutation: Your flesh is cold resistant. (rC+) [potion
                  | of mutation]
 44830 | Spider:4 | Gained mutation: You are clumsy. (Dex -2) [potion of
                  | mutation]
 44830 | Spider:4 | Gained mutation: You have large cloven feet. [potion of
                  | mutation]
 44831 | Spider:4 | Lost mutation: You are clumsy. (Dex -2) [potion of
                  | mutation]
 44831 | Spider:4 | Gained mutation: Your muscles are strong. (Str +2) [potion
                  | of mutation]
 44831 | Spider:4 | Gained mutation: Your flesh is cold resistant. (rC+)
                  | [potion of mutation]
 44858 | Spider:4 | Got a gossamer rune of Zot
 44956 | Spider:4 | Noticed Roxanne
 44967 | Spider:4 | Killed Roxanne
 45215 | Swamp:1  | Entered Level 1 of the Swamp
 45257 | Swamp:1  | Reached XP level 18. HP: 152/164 MP: 22/30
 45333 | Swamp:1  | Reached skill level 12 in Fighting
 45333 | Swamp:1  | Reached skill level 10 in Armour
 45357 | Swamp:1  | Noticed Kirke
 45362 | Swamp:1  | Killed Kirke
 45438 | Swamp:1  | Found a transporter.
 45440 | Swamp:1  | Found a transporter.
 45454 | Swamp:1  | Identified the +2 broad axe "Murmur" {flame, *Noise Str+6
                  | Dex+4}
 45455 | Swamp:1  | Noticed Scypier's ghost (adept MiBe)
 45458 | Swamp:1  | Found a bloodstained altar of Trog.
 45458 | Swamp:1  | Identified the +1 lajatang of Circular Logic {antimagic,
                  | rElec rF+}
 45460 | Swamp:1  | Lost mutation: You have large cloven feet. [Jiyva's grace]
 45601 | Swamp:1  | Gained mutation: You are agile. (Dex +2) [Jiyva's grace]
 46318 | Swamp:2  | Reached skill level 7 in Conjurations
 46826 | Swamp:3  | Gained mutation: You can translocate small distances at
                  | will. [Jiyva's grace]
 47183 | Swamp:3  | Found the +8 autumn katana {vorpal, Clar}
 47183 | Swamp:3  | Got a faintly glowing jade amulet
 47290 | Swamp:3  | Lost mutation: You are agile. (Dex +2) [Jiyva's grace]
 47358 | Swamp:3  | Identified the amulet "Kossaz" {Inacc +Inv Str+8} (You
                  | found it on level 3 of the Swamp)
 47376 | Swamp:4  | Entered Level 4 of the Swamp
 47675 | Swamp:3  | Lost mutation: Your flesh is cold resistant. (rC+) [potion
                  | of mutation]
 47675 | Swamp:3  | Lost mutation: You are covered in slimy tendrils that may
                  | disarm your opponents. [potion of mutation]
 47675 | Swamp:3  | Gained mutation: You evolve. [potion of mutation]
 47675 | Swamp:3  | Gained mutation: You are robust. (+10% HP) [potion of
                  | mutation]
 47724 | Swamp:4  | Paralysed by a hornet for 1 turns
 47731 | Swamp:4  | Reached skill level 13 in Fighting
 47980 | Swamp:4  | Reached skill level 11 in Armour
 48048 | Swamp:4  | Gained mutation: You are covered in slimy tendrils that may
                  | disarm your opponents. [Jiyva's grace]
 48072 | Swamp:4  | Gained mutation: You possess an exceptional clarity of
                  | mind. [Jiyva's grace]
 48145 | Swamp:4  | Got a decaying rune of Zot
 48355 | Swamp:4  | Gained mutation: Your natural rate of healing is unusually
                  | fast. [Jiyva's grace]
 48490 | Swamp:4  | Lost mutation: You possess an exceptional clarity of mind.
                  | [Jiyva's grace]
 48697 | D:11     | Gained mutation: Your flesh is heat resistant. (rF+)
                  | [evolution]
 48784 | Vaults:1 | Entered Level 1 of the Vaults
 48825 | Vaults:1 | Gained mutation: You have acidic saliva. [Jiyva's grace]
 49155 | Vaults:1 | Reached skill level 14 in Fighting
 49173 | Vaults:1 | Lost mutation: You evolve. [Jiyva's grace]
 49195 | Vaults:1 | Reached skill level 12 in Armour
 49199 | Vaults:1 | Reached XP level 19. HP: 76/195 MP: 11/31
 49201 | Vaults:1 | Gained mutation: Your mind is acute. (Int +2) [Jiyva's
                  | grace]
 49223 | Vaults:1 | Lost mutation: Your muscles are strong. (Str +2) [Jiyva's
                  | grace]
 49226 | Vaults:1 | Lost mutation: Your natural rate of healing is unusually
                  | fast. [Jiyva's grace]
 49228 | Vaults:1 | Gained mutation: You expend magic power (3 MP) to
                  | strengthen your wands. [Jiyva's grace]
 49235 | Vaults:1 | Gained mutation: Your flesh is very heat resistant. (rF++)
                  | [Jiyva's grace]
 49368 | Vaults:1 | Gained mutation: You possess an exceptional clarity of
                  | mind. [Jiyva's grace]
 49684 | Vaults:1 | Gained mutation: You have a pair of small horns on your
                  | head. [Jiyva's grace]
 49723 | Vaults:1 | Lost mutation: You possess an exceptional clarity of mind.
                  | [Jiyva's grace]
 50054 | Vaults:2 | Lost mutation: You have acidic saliva. [Jiyva's grace]
 50180 | Vaults:2 | Lost mutation: You are covered in slimy tendrils that may
                  | disarm your opponents. [Jiyva's grace]
 50246 | Vaults:2 | Learned a level 6 spell: Statue Form
 50274 | Vaults:2 | Gained mutation: Your mind is very acute. (Int +4) [Jiyva's
                  | grace]
 50325 | Vaults:2 | Noticed Xtahua
 50334 | Vaults:2 | Killed Xtahua
 50571 | Vaults:2 | Lost mutation: You expend magic power (3 MP) to strengthen
                  | your wands. [Jiyva's grace]
 50877 | Vaults:2 | Reached skill level 9 in Dodging
 50928 | Vaults:2 | Gained mutation: You evolve. [Jiyva's grace]
 51119 | Vaults:2 | Lost mutation: Your mind is very acute. (Int +4) [Jiyva's
                  | grace]
 51135 | Vaults:2 | Lost mutation: You have a pair of small horns on your head.
                  | [Jiyva's grace]
 51137 | Vaults:2 | Gained mutation: You possess an exceptional clarity of
                  | mind. [Jiyva's grace]
 51141 | Vaults:2 | Gained mutation: Your spells are a little easier to cast,
                  | but a little less powerful. [Jiyva's grace]
 51142 | Vaults:2 | Identified Sif Muna's Incunabulum of Venomous Stolen Souls
 51268 | Vaults:2 | Lost mutation: Your mind is acute. (Int +2) [Jiyva's grace]
 51445 | Vaults:2 | Reached XP level 20. HP: 201/207 MP: 26/32
 51587 | Vaults:3 | Reached skill level 13 in Evocations
 51764 | Vaults:3 | Reached skill level 15 in Fighting
 52011 | Vaults:3 | Gained mutation: Your rubbery body absorbs attacks. (AC +1,
                  | EV +1) [Jiyva's grace]
 52018 | Vaults:3 | Reached skill level 13 in Armour
 52021 | Vaults:3 | Gained mutation: You expend magic power (3 MP) to
                  | strengthen your wands. [evolution]
 52045 | Vaults:3 | Lost mutation: You possess an exceptional clarity of mind.
                  | [Jiyva's grace]
 52065 | Vaults:3 | Noticed Jory
 52074 | Vaults:3 | Killed Jory
 52265 | Vaults:3 | Gained mutation: Your tail ends in a poisonous barb.
                  | [Jiyva's grace]
 52283 | Vaults:3 | Found a staircase to the Crypt.
 52301 | Vaults:3 | Lost mutation: You evolve. [Jiyva's grace]
 52548 | Vaults:3 | Gained mutation: Your natural rate of healing is unusually
                  | fast. [Jiyva's grace]
 52630 | Vaults:3 | Gained mutation: You heal very quickly. [Jiyva's grace]
 52637 | Vaults:3 | Reached skill level 10 in Dodging
 52642 | Vaults:3 | Learned a level 4 spell: Passage of Golubria
 52830 | Vaults:3 | Found Iwuop's Gadget Boutique.
 52940 | Vaults:3 | Lost mutation: Your tail ends in a poisonous barb. [Jiyva's
                  | grace]
 53343 | Vaults:4 | Lost mutation: You can translocate small distances at will.
                  | [Jiyva's grace]
 53475 | Vaults:4 | Reached skill level 1 in Translocations
 53483 | Vaults:4 | Reached skill level 19 in Unarmed Combat
 53590 | Vaults:4 | Gained mutation: You are agile. (Dex +2) [Jiyva's grace]
 53748 | Vaults:4 | Acquired the +3 barding "Hishriske" {Harm rF+ MR+ Dex+4}
 53890 | Vaults:4 | Reached skill level 2 in Translocations
 54154 | Vaults:5 | Entered Level 5 of the Vaults
 54203 | Vaults:4 | Gained mutation: You evolve. [Jiyva's grace]
 54225 | Vaults:4 | Gained mutation: Your flesh is cold resistant. (rC+)
                  | [Jiyva's grace]
 54299 | Vaults:4 | Reached skill level 3 in Translocations
 54299 | Vaults:4 | Lost mutation: Your rubbery body absorbs attacks. (AC +1,
                  | EV +1) [Jiyva's grace]
 54326 | Vaults:4 | Gained mutation: You have a small jelly attached to you
                  | that may absorb incoming projectiles. [Jiyva's grace]
 54503 | Vaults:5 | Reached XP level 21. HP: 216/216 MP: 28/33
 54549 | Vaults:5 | Identified the cursed +0 cloak of Duck's Teeth {Str+3
                  | Int-5} (You found it on level 5 of the Vaults)
 54562 | Vaults:5 | Identified the cursed +0 battleaxe of Recklessness {holy,
                  | rN+}
 54628 | Vaults:5 | Reached skill level 4 in Translocations
 54660 | Vaults:5 | Gained mutation: Your tail ends in a poisonous barb.
                  | [Jiyva's grace]
 54775 | Vaults:5 | Lost mutation: You heal very quickly. [Jiyva's grace]
 54792 | Vaults:5 | Gained mutation: Your flesh is almost immune to the effects
                  | of heat. (rF+++) [Jiyva's grace]
 54810 | Vaults:5 | Lost mutation: You evolve. [Jiyva's grace]
 54834 | Vaults:5 | Lost mutation: You are agile. (Dex +2) [Jiyva's grace]
 54896 | Vaults:5 | Reached skill level 14 in Evocations
 54899 | Vaults:5 | Lost mutation: Your natural rate of healing is unusually
                  | fast. [Jiyva's grace]
 54906 | Vaults:5 | Reached skill level 5 in Translocations
 54924 | Vaults:5 | Reached skill level 16 in Fighting
 55036 | Vaults:5 | Lost mutation: You are robust. (+10% HP) [Jiyva's grace]
 55064 | Vaults:5 | Identified the Handbook of Orientation and Venom
 55097 | Vaults:5 | Gained mutation: You are somewhat resistant to further
                  | mutation. [Jiyva's grace]
 55124 | Vaults:5 | Reached skill level 11 in Dodging
 55125 | Vaults:5 | Lost mutation: Your flesh is almost immune to the effects
                  | of heat. (rF+++) [Jiyva's grace]
 55139 | Vaults:5 | Lost mutation: Your tail ends in a poisonous barb. [Jiyva's
                  | grace]
 55170 | Vaults:5 | Lost mutation: Your spells are a little easier to cast, but
                  | a little less powerful. [Jiyva's grace]
 55179 | Vaults:5 | Gained mutation: Your spells are a little harder to cast,
                  | but a little more powerful. [Jiyva's grace]
 55196 | Vaults:5 | Reached skill level 6 in Translocations
 55270 | Vaults:5 | Got a silver rune of Zot
 55360 | Vaults:5 | Lost mutation: Your spells are a little harder to cast, but
                  | a little more powerful. [Jiyva's grace]
 55430 | Vaults:5 | Identified Sif Muna's Handbook of Conjuration and Air
 55468 | Vaults:5 | Identified the +8 hunting sling "Xonukhla" {speed, MR-
                  | Str+2 Int+3 Dex+6}
 55469 | Vaults:5 | Lost mutation: You expend magic power (3 MP) to strengthen
                  | your wands. [Jiyva's grace]
 55475 | Vaults:5 | Reached skill level 14 in Armour
 55933 | Vaults:5 | Gained mutation: Your tail ends in a poisonous barb.
                  | [Jiyva's grace]
 56252 | Elf:1    | Entered Level 1 of the Elven Halls
 56401 | Elf:1    | Reached XP level 22. HP: 177/208 MP: 28/34
 56409 | Elf:1    | Identified the Grimoire of Attacks
 56420 | Elf:1    | Learned a level 6 spell: Eringya's Noxious Bog
 56537 | Elf:1    | Lost mutation: You have a small jelly attached to you that
                  | may absorb incoming projectiles. [Jiyva's grace]
 56557 | Elf:1    | Found a shimmering blue altar of Sif Muna.
 56586 | Elf:1    | Found a ruined gateway.
 56595 | Elf:1    | Gained mutation: You passively map a small area around you.
                  | [Jiyva's grace]
 56597 | Desolati | Entered the Desolation of Salt
 56702 | Desolati | Reached skill level 2 in Poison Magic
 56803 | Desolati | Identified the +6 plate armour of the Grand Alphagorgon
                  | {rPois MR+ Str-3}
 56817 | Desolati | Gained mutation: You passively map the area around you.
                  | [Jiyva's grace]
 56854 | Desolati | Reached skill level 7 in Translocations
 56866 | Desolati | Identified the Papyrus of the Mutagenic Compass
 56917 | Desolati | Identified the cursed ring "Zaucziz" {rPois rC- rN+ Str-4
                  | Dex+3}
 56923 | Desolati | Reached skill level 3 in Poison Magic
 56966 | Desolati | Lost mutation: Your flesh is cold resistant. (rC+) [Jiyva's
                  | grace]
 57194 | Desolati | Identified the +0 pair of gloves of Classification {Harm
                  | Int-3 Dex+3 SInv} (You found it in the Desolation of Salt)
 57202 | Desolati | Got a scorched wooden ring
 57203 | Desolati | Identified the ring "Fyopefio" {*Tele MR+} (You found it in
                  | the Desolation of Salt)
 57219 | Desolati | Identified the +2 pair of boots of the Vacuum {Regen+ Str+4
                  | Int-2} (You found it in the Desolation of Salt)
 57249 | Desolati | Lost mutation: You are somewhat resistant to further
                  | mutation. [Jiyva's grace]
 57273 | Elf:1    | Gained mutation: You can roll at foes to attack. [Jiyva's
                  | grace]
 57317 | Elf:1    | Acquired 690 gold pieces
 57318 | Elf:1    | Acquired a +2 kite shield of protection
 57319 | Elf:1    | Acquired the ring "Xiolae" {rF+ rN+ Int+4 Dex+6}
 57738 | Elf:2    | Reached skill level 4 in Poison Magic
 57899 | Elf:2    | Found a runed translucent gate.
 57899 | Elf:2    | Found a runed translucent gate.
 57899 | Elf:2    | Found a runed translucent gate.
 57970 | Elf:2    | Reached skill level 1 in Shields
 58087 | Elf:2    | Lost mutation: You can roll at foes to attack. [Jiyva's
                  | grace]
 58097 | Elf:2    | Lost mutation: You passively map the area around you.
                  | [Jiyva's grace]
 58116 | Elf:2    | Gained mutation: Your flesh is almost immune to the effects
                  | of heat. (rF+++) [Jiyva's grace]
 58157 | Elf:2    | Gained mutation: You have acidic saliva. [Jiyva's grace]
 58229 | Elf:3    | Entered Level 3 of the Elven Halls
 58503 | Elf:3    | Reached skill level 2 in Shields
 58505 | Elf:3    | Reached skill level 5 in Poison Magic
 58522 | Elf:3    | Reached skill level 20 in Unarmed Combat
 58537 | Elf:3    | Noticed Bai Suzhen
 58549 | Elf:3    | Killed Bai Suzhen
 58766 | Elf:3    | Gained mutation: You are covered in slimy tendrils that may
                  | disarm your opponents. [Jiyva's grace]
 58777 | Elf:3    | Gained mutation: Armour fits poorly on your pseudopods.
                  | [Jiyva's grace]
 58799 | Elf:3    | Gained mutation: Your mind is acute. (Int +2) [Jiyva's
                  | grace]
 58815 | Elf:3    | Gained mutation: You can translocate small distances at
                  | will. [Jiyva's grace]
 58836 | Elf:3    | Identified the +1 robe of a Labyrinth {Rampage rPois rC+
                  | rN+}
 58837 | Elf:3    | Found the +2 cloak of the Thief {*Fog Slay-2 SInv Stlth+}
 58851 | Elf:3    | Reached skill level 8 in Translocations
 58852 | Elf:3    | Identified the Tome of Mutagenic Envenoming
 58855 | Elf:3    | Identified Sif Muna's Tome of the Birds
 58910 | Elf:3    | Identified the ring "Gaxzuup" {*Contam rElec rPois rF+ rC-}
 58981 | Elf:3    | Gained mutation: Your translucent skin slightly reduces
                  | your foes' accuracy. (Stealth) [Jiyva's grace]
 59166 | Elf:3    | Gained mutation: You passively map the area around you.
                  | [Jiyva's grace]
 59359 | Elf:3    | Reached XP level 23. HP: 200/218 MP: 29/35
 59700 | D:6      | Bought a scroll of blinking for 187 gold pieces
 59700 | D:6      | Bought dazzling gold dragon scales for 2125 gold pieces
 59700 | D:6      | Bought a scroll of fog for 50 gold pieces
 59700 | D:6      | Bought a scroll of fear for 87 gold pieces
 59700 | D:6      | Identified the +9 gold dragon scales of Ocuilill {rPois rF+
                  | rC+ Str+2} (You bought it in a shop on level 6 of the
                  | Dungeon)
 59852 | D:15     | Lost mutation: Armour fits poorly on your pseudopods.
                  | [Jiyva's grace]
 59892 | Depths:1 | Entered Level 1 of the Depths
 59924 | Depths:1 | Reached skill level 3 in Shields
 60091 | Depths:1 | Reached skill level 6 in Poison Magic
 60492 | Depths:1 | Gained mutation: You expend magic power (3 MP) to
                  | strengthen your wands. [Jiyva's grace]
 60533 | Depths:1 | Reached skill level 15 in Evocations
 60547 | Depths:1 | Lost mutation: Your tail ends in a poisonous barb. [Jiyva's
                  | grace]
 60599 | Depths:1 | Found a gateway to Hell.
 60622 | D:6      | Lost mutation: You have acidic saliva. [Jiyva's grace]
 60639 | Depths:1 | Reached skill level 12 in Dodging
 60938 | Depths:1 | Gained mutation: You have large cloven feet. [Jiyva's
                  | grace]
 60965 | Depths:1 | Found a corrupted altar of Lugonu.
 60965 | Depths:1 | Found a one-way gate to the infinite horrors of the Abyss.
 61029 | Depths:1 | Found a sacrificial altar of Ru.
 61031 | Depths:1 | Found an iron altar of Okawaru.
 61031 | Depths:1 | Found a white marble altar of Elyvilon.
 61033 | Depths:1 | Found a shimmering altar of Xom.
 61033 | Depths:1 | Found a basalt altar of Yredelemnul.
 61033 | Depths:1 | Found a basalt altar of Yredelemnul.
 61214 | Depths:1 | Found the +10 Black Knight's barding {ponderous, rPois rN+}
 61345 | Depths:2 | Gained mutation: You have acidic saliva. [Jiyva's grace]
 61350 | Depths:2 | Reached skill level 17 in Fighting
 61467 | Depths:2 | Found Athed's General Store.
 61482 | Depths:2 | Lost mutation: Your flesh is almost immune to the effects
                  | of heat. (rF+++) [Jiyva's grace]
 61487 | Depths:2 | Found a flickering gateway to a bazaar.
 61521 | Depths:2 | Reached skill level 7 in Poison Magic
 61529 | Bazaar   | Entered a bazaar
 61529 | Bazaar   | Found Lessaog's General Store.
 61529 | Bazaar   | Found Ponong's Antique Armour Shop.
 61866 | Bazaar   | Bought a scroll of enchant armour for 67 gold pieces
 61878 | Bazaar   | Found Mytun's Antique Weapon Shop.
 61927 | Depths:2 | Noticed an ancient lich
 61970 | Depths:2 | Found Doithuq's Book Emporium.
 62004 | Depths:2 | Identified the amulet "Yfyrph" {Acrobat Dex+4}
 62005 | Depths:2 | Found a radiant altar of Vehumet.
 62008 | Depths:2 | Found a transporter.
 62035 | Depths:2 | Gained mutation: You are agile. (Dex +2) [Jiyva's grace]
 62043 | Depths:2 | Reached skill level 4 in Shields
 62043 | Depths:2 | Reached skill level 9 in Translocations
 62154 | Depths:2 | Lost mutation: You expend magic power (3 MP) to strengthen
                  | your wands. [Jiyva's grace]
 62578 | Depths:3 | Lost mutation: Your mind is acute. (Int +2) [Jiyva's grace]
 62604 | Depths:3 | Gained mutation: You have a small jelly attached to you
                  | that senses nearby items. [Jiyva's grace]
 62632 | Depths:3 | Found a one-way gate leading to the halls of Pandemonium.
 62640 | Depths:3 | Noticed Aizul
 62669 | Depths:3 | Killed Aizul
 63160 | Depths:3 | Noticed an ancient lich
 63162 | Depths:3 | Identified the cursed +0 battleaxe of a wizard's laboratory
                  | {distort, *Rage Str+8}
 63164 | Depths:3 | Noticed Qennyv's ghost (veteran VSFi)
 63220 | Depths:3 | Found a transporter.
 63521 | Depths:3 | Noticed Margery
 63540 | Depths:3 | Killed Margery
 63541 | Depths:3 | Reached skill level 8 in Poison Magic
 63717 | Depths:3 | Reached XP level 24. HP: 210/228 MP: 35/35
 63776 | Depths:3 | Lost mutation: You are agile. (Dex +2) [Jiyva's grace]
 63790 | Depths:3 | Lost mutation: You passively map the area around you.
                  | [Jiyva's grace]
 63795 | Depths:3 | Lost mutation: You are covered in slimy tendrils that may
                  | disarm your opponents. [Jiyva's grace]
 63817 | Depths:3 | Lost mutation: Your translucent skin slightly reduces your
                  | foes' accuracy. (Stealth) [Jiyva's grace]
 63821 | Depths:3 | Found a transporter.
 63851 | Depths:3 | Lost mutation: You can translocate small distances at will.
                  | [Jiyva's grace]
 63884 | Depths:3 | Gained mutation: Your natural rate of healing is unusually
                  | fast. [Jiyva's grace]
 64042 | Depths:3 | Reached skill level 5 in Shields
 64272 | Depths:3 | Gained mutation: You expend magic power (3 MP) to
                  | strengthen your wands. [Jiyva's grace]
 64288 | Depths:3 | Reached skill level 15 in Armour
 64332 | Depths:3 | Gained mutation: Your rubbery body absorbs attacks. (AC +1,
                  | EV +1) [Jiyva's grace]
 64432 | Depths:5 | Entered Level 5 of the Depths
 64513 | Depths:5 | Got a warped platinum ring
 64552 | Depths:5 | Reached skill level 10 in Translocations
 64562 | Depths:5 | Reached skill level 9 in Poison Magic
 64845 | Depths:5 | Lost mutation: Your flesh is very heat resistant. (rF++)
                  | [Jiyva's grace]
 64855 | Depths:5 | Found a gate to the Realm of Zot.
 64855 | Depths:5 | Gained mutation: You are covered in slimy tendrils that may
                  | disarm your opponents. [Jiyva's grace]
 64864 | Zot:1    | Entered Level 1 of the Realm of Zot
 64946 | Zot:2    | Reached skill level 6 in Shields
 65008 | Zot:2    | Identified the ring of the Eagle {MR+ Dex-2 Slay+5} (You
                  | found it on level 5 of the Depths)
 65053 | Vaults:5 | Lost mutation: You have large cloven feet. [Jiyva's grace]
 65160 | Zot:4    | Reached skill level 10 in Poison Magic
 65286 | Zot:4    | Noticed an ancient lich
 65298 | Zot:4    | Slimified an ancient lich
 65298 | Zot:4    | an ancient lich changed into a death ooze
 65318 | Zot:4    | Lost mutation: You expend magic power (3 MP) to strengthen
                  | your wands. [Jiyva's grace]
 65446 | Zot:5    | Entered Level 5 of the Realm of Zot
 65518 | Zot:5    | Lost mutation: You passively map a small area around you.
                  | [Jiyva's grace]
 65551 | Zot:5    | Reached skill level 16 in Evocations
 65578 | Zot:5    | Reached skill level 18 in Fighting
 65590 | Zot:5    | Reached skill level 7 in Shields
 65590 | Zot:5    | Reached XP level 25. HP: 160/239 MP: 20/35
 65600 | Zot:5    | Noticed an orb of fire
 65603 | Zot:5    | Killed an orb of fire
 65604 | Zot:5    | Reached skill level 21 in Unarmed Combat
 65608 | Zot:5    | Reached skill level 11 in Poison Magic
 65732 | Zot:5    | Gained mutation: You have a small jelly attached to you
                  | that may absorb incoming projectiles. [Jiyva's grace]
 65810 | Zot:5    | Lost mutation: Your flesh is heat resistant. (rF+) [Jiyva's
                  | grace]
 65952 | Vaults:2 | Gained mutation: Your pliable body absorbs attacks. (AC +2,
                  | EV +2) [Jiyva's grace]
 66271 | Zot:5    | Got the Orb of Zot
 66273 | Zot:5    | Noticed an orb of fire
 66274 | Zot:5    | Noticed an orb of fire
 66274 | Zot:5    | Gained mutation: Your spells are a little easier to cast,
                  | but a little less powerful. [an orb of fire]
 66276 | Zot:5    | Noticed an orb of fire
 66276 | Zot:5    | Noticed a Killer Klown
 66276 | Zot:5    | Noticed a Killer Klown
 66276 | Zot:5    | Noticed an orb of fire
 66277 | Zot:5    | Noticed an orb of fire
 66277 | Zot:5    | Noticed an orb of fire
 66277 | Zot:5    | Noticed an orb of fire
 66277 | Zot:5    | Noticed an orb of fire
 66277 | Zot:5    | Noticed a Killer Klown
 66277 | Zot:5    | Noticed an orb of fire
 66278 | Zot:5    | Noticed an ancient lich
 66290 | Zot:5    | Noticed Kulleej the pandemonium lord
 66292 | Zot:5    | Noticed a Killer Klown
 66300 | Zot:5    | Killed Kulleej the pandemonium lord
 66306 | Zot:5    | Killed a Killer Klown
 66440 | Depths:5 | Gained mutation: Your gelatinous body deflects attacks. (AC
                  | +3, EV +3) [Jiyva's grace]
 66748 | D:5      | Reached skill level 8 in Shields
 66939 | D:$      | Escaped with the Orb!

Illustrated notes

Levels and vault maps discovered:
D:1:      lemuel_arrival_behind_the_door_small, layout_loops_cross
D:2:      layout_loops_cross, guppyfry_early_orc_mine, uniq_terence
D:3:      layout_rooms, gammafunk_ghost_nasty_kobolds, uniq_sigmund
D:4:      layout_basic, portal_sewer_entry_e, minmay_between
D:5:      layout_loops_ring, grunt_temple_overflow_cloverleaf
D:6:      layout_rooms, serial_shops, nicolae_shop_trees, minmay_manual_mail,
          uniq_menkaure
D:7:      layout_basic, minitemple, temple_statues
D:8:      layout_basic, gammafunk_ghost_smash, nicolae_dithmenos_shadow_blocks,
          uniq_maurice
D:9:      layout_roguey, serial_shops, shop, hangedman_little_slice_of_home,
          uniq_prince_ribbit1
D:10:     layout_long_grid, david_orc_3, serial_shops, shop, shop, shop,
          nicolae_shop_statue_plus
D:11:     layout_roguey, lair_entry_dummy, basic_altar,
          kennysheep_generic_room_12
D:12:     layout_roguey, mrwooster_statue_mirror, uniq_snorg
D:13:     layout_stronghold
D:14:     minmay_ambush_box, layout_basic, david_vaults_3, serial_shops,
          shop_coins, chequers_avenue, uniq_rupert, uniq_louise
D:15:     grunt_enter_depths_snipers, layout_basic, basic_altar,
          minmay_misc_feat_enclosed, nicolae_twisting_strands, hex_intersection,
          minivault_11, minmay_three_doors
Temple:   minmay_temple_curvy_loop
Lair:1:   layout_concentric_octagons
Lair:2:   layout_concentric_octagons, chequers_serial_rivers_micro_e,
          chequers_serial_rivers_room_a
Lair:3:   layout_layer_cave, swamp_mist, gauntlet_entry_generic,
          serial_bayou_crossing
Lair:4:   layout_hall_layers, spider_nest_entry_rubble, uniq_nergalle
Lair:5:   layout_misc_corridors
Lair:6:   evilmike_catoblepas_cave, layout_regular_city,
          minmay_slime_entry_jelly_boxes, lemuel_centaur_altar
Swamp:1:  layout_falls_marsh, gammafunk_ghost_wrathful_warriors,
          infiniplex_staircase_pool, uniq_kirke
Swamp:2:  layout_falls_marsh, nicolae_swamp_dense_foliage, swamp_pool5
Swamp:3:  layout_basic_swamp, evilmike_swamp_ruin_house_2
Swamp:4:  swamp_fiery, layout_basic_swamp
Spider:1: layout_spider_delve
Spider:2: layout_spider_delve, uniq_jorgrun, uniq_nikola
Spider:3: layout_spider_delve, hive_lemuel, uniq_azrael, uniq_agnes
Spider:4: johnstein_spider_rune_arachne_lair, uniq_roxanne
Slime:1:  layout_caves
Slime:2:  layout_caves, nicolae_slime_barrier
Slime:3:  layout_caves
Slime:4:  layout_caves
Slime:5
Orc:1:    layout_caves
Orc:2:    kennysheep_orc_mage_school, layout_caves, sword_in_stone
Elf:1:    eino_elf_arrival_shootout, layout_geoelf_octagon, basic_altar,
          portal_desolation_entry_garden, minmay_elf_annihilation
Elf:2:    layout_geoelf_grid
Elf:3:    minmay_elf_hall_statues, layout_rooms, evilmike_minifort,
          uniq_bai_suzhen
Vaults:1: hangedman_vaults_nodes, hangedman_vaults_river_flow, v_misc_15,
          v_misc_11, vaults_room_pool, grunt_vaults_bifocal, vaults_dpeg_doors,
          nicolae_vaults_ring_of_whatevers, dpeg_vaults_monster_row,
          vaults_room_grunt_arrival_ludios, vaults_mumra_minichess_inversion,
          nicolae_vaults_halls_meeting, vaults_room_hallway, v_misc_22,
          nicolae_vaults_little_squares_6, layout_vaults_omnibox
Vaults:2: nicolae_vaults_alarming, vaults_room_pool, v_misc_29,
          st_greater_box_3, v_alt_pattern_1, hangedman_vaults_restitches,
          vaults_room_door_ring, v_misc_8, vaults_room_fours,
          nicolae_vaults_little_squares_4, nicolae_vaults_ring_of_whatevers,
          vaults_room_corners, v_pattern_3, nicolae_vaults_gold_heap,
          grunt_vaults_hallway_short, layout_vaults_omnicross, uniq_xtahua
Vaults:3: nicolae_vaults_network_periphery, v_misc_10,
          nicolae_vaults_inception_statues, blue_anna_dwarven_crypt,
          nicolae_vaults_mini_display_case, vaults_room_door_hall, v_pattern_5,
          vaults_mumra_lcd, vaults_dpeg_encased_lava,
          nicolae_vaults_little_squares_2, v_misc_9, grunt_vaults_hallway_long,
          nicolae_vaults_ring_of_whatevers, st_hourglassy,
          nicolae_vaults_little_ls, layout_vaults_maze_snakey, serial_shops,
          shop, uniq_jory
Vaults:4: ontoclasm_vaults_shuriken, nicolae_vaults_little_squares_4,
          st_more_cells, vaults_room_large_hall, hangedman_vaults_capsules,
          nicolae_vaults_angled_halls, nicolae_vaults_shelves_hall,
          layout_vaults_omnigrid
Vaults:5: serial_shops
Depths:1: layout_long_grid, pf_vacation_house_of_asmodeus,
          abyss_entry_flame_altar, chequers_serial_rivers_micro_e,
          hangedman_abyss_or_decor_jellyfish_corner, st_stairs_1,
          small_chamber_with_monster, doesnt_xom_only_xom, serial_bayou_shore_b
Depths:2: gammafunk_sealed_library, layout_cave_shapes, pf_hell_entry_tar_river,
          serial_shops, freezing_bzr, shop, nicolae_shop_trees,
          serial_sigils_hangedman_gnaw, hangedman_abyss_entry_splay
Depths:3: nooodl_heptagram, layout_basic, grunt_decor_junction,
          gammafunk_ghost_abyssal_escape, lightli_too_deep,
          rand_demon_pan_entry_5, drop_trap, serial_bayou_pond_d, uniq_aizul,
          uniq_margery
Depths:4: abrahamwl_protected_by_tso_2, layout_honeycomb, enter_ziggurat_b,
          rand_demon_pan_entry_9, hell_entry, grunt_decor_resistance,
          serial_co_window_serial, co_window_corner_a, co_window_paths_a,
          co_window_paths_a, co_window_paths_a, co_window_of_opportunity_a,
          co_window_paths_a, co_window_corner_a, co_window_broadway_b,
          co_window_corner_b, co_window_unsneaky_path_b, glass_columns_a,
          glass_columns_c, glass_columns_c, glass_columns_c, glass_columns_a,
          nicolae_trove_entry_isolated, abyss_entry, minmay_misc_feat_five,
          minmay_staircase_windowed_large
Depths:5: evilmike_zot_entry_argh, layout_cave_pools, minmay_crystal_room,
          abyss_entry, lightli_enter_wizlab_magi_temple, pan_entry,
          pf_coc_iceberg
Zot:1:    layout_cellular_growth
Zot:2:    layout_gridlike
Zot:3:    layout_cathedral_of_symmetry, gammafunk_ghost_wrathful_warriors,
          grunt_ministairs_14, evilmike_ambush [evilmike_ambush_outer_basic,
          evilmike_ambush_inner_basic]
Zot:4:    ebering_greatest_show_in_zot, layout_gridlike
Zot:5:    layout_gridlike, grunt_ministairs_12, skrybe_zot_glass_1

Skill      XL: |  1  2  3  4  5  6  7  8  9 10 11 12 13 14 15 16 17 18 19 20 21 22 23 24 25 |
---------------+----------------------------------------------------------------------------+-----
Transmutations | 3 4 5 10 11 12 13 14 15 | 15.0
Poison Magic   | 1 5 8 10 11 | 11.9
Fighting       | 3 4 5 6 8 9 10 11 14 15 16 17 18 | 18.0
Unarmed Combat | 4 5 6 9 12 13 15 16 17 18 19 20 21 | 21.2
Evocations     | 1 5 6 7 9 11 12 13 14 15 16 | 16.4
Armour         | 4 6 7 8 9 12 13 14 15 | 15.0
Spellcasting   | 5 7 8 |  8.0
Dodging        | 3 5 7 8 9 10 11 12 | 12.0
Conjurations   | 2 6 7 |  7.0
Translocations | 3 6 8 9 10 | 10.0
Shields        | 2 4 7 8 |  8.1

Action                   |  1- 3 |  4- 6 |  7- 9 | 10-12 | 13-15 | 16-18 | 19-21 | 22-24 | 25-27 || total
-------------------------+-------+-------+-------+-------+-------+-------+-------+-------+-------++-------
Melee: Unarmed           |   103 |   154 |   439 |   537 |   973 |   981 |   916 |  1170 |   123 ||  5396
       Kick              |    10 |    13 |    12 |     4 |       |    15 |       |   197 |       ||   251
       Headbutt          |    12 |     9 |     8 |       |       |       |    46 |       |       ||    75
       Tailslap          |    11 |     9 |    53 |    80 |   149 |   154 |   176 |   212 |    31 ||   875
       Punch             |       |     2 |     7 |    15 |    79 |    82 |   120 |   123 |     6 ||   434
       Bite              |       |       |       |       |       |    15 |    12 |   129 |    24 ||   180
       Pseudopods        |       |       |       |       |       |       |       |    15 |       ||    15
Throw: Dart              |     6 |    19 |    11 |     6 |       |       |       |       |       ||    42
 Cast: Beastly Appendage |    19 |    12 |     4 |     1 |       |       |       |       |       ||    36
       Wereblood         |     1 |       |       |     2 |     6 |     1 |       |       |       ||    10
       Blade Hands       |       |       |       |    39 |   104 |    85 |    68 |    74 |    14 ||   384
       Eringya's Noxious |       |       |       |       |       |       |       |     4 |       ||     4
       Blink             |       |       |       |       |       |       |       |     1 |     2 ||     3
       Passwall          |       |       |       |       |       |       |       |     4 |     5 ||     9
       Irradiate         |       |       |       |       |       |       |       |     3 |       ||     3
Invok: Request Jelly     |       |       |       |       |       |     9 |       |       |       ||     9
       Cure Bad Mutation |       |       |       |       |       |     2 |       |       |       ||     2
       Slimify           |       |       |       |       |       |       |     1 |     1 |       ||     2
 Abil: Rolling Charge    |    24 |    20 |    43 |    47 |   110 |   116 |   126 |   112 |    32 ||   630
       Evoke Invisibilit |       |       |       |       |     8 |    24 |     4 |     9 |       ||    45
       End Transformatio |       |       |       |       |       |       |       |     2 |     1 ||     3
Evoke: Wand              |       |       |     6 |     7 |     1 |    18 |       |    10 |       ||    42
       Phantom mirror    |       |       |       |     2 |     2 |       |       |     1 |       ||     5
       Phial of floods   |       |       |       |       |     1 |       |       |     1 |       ||     2
       Condenser vane    |       |       |       |       |       |     3 |     2 |     3 |       ||     8
       Tin of tremorston |       |       |       |       |       |     3 |     4 |     3 |       ||    10
       Box of beasts     |       |       |       |       |       |       |       |     1 |       ||     1
  Use: Scroll            |       |     6 |    14 |    12 |     8 |     6 |     4 |    18 |     7 ||    75
       Potion            |       |       |     1 |     5 |       |     7 |       |     3 |     9 ||    25
 Stab: Petrified         |       |       |       |     1 |     4 |       |       |       |       ||     5
       Invisible         |       |       |       |       |    33 |    67 |     9 |    44 |     2 ||   155
       Paralysed         |       |       |       |       |       |     2 |       |     1 |       ||     3
       Distracted        |       |       |       |       |       |       |       |     2 |     1 ||     3
Armor: Robe              |    24 |       |       |       |       |       |       |       |       ||    24
       Scale mail        |       |    90 |   248 |   183 |       |       |       |       |       ||   521
       Skin              |       |       |       |     2 |       |       |       |       |       ||     2
       Ice dragon scales |       |       |       |    79 |   644 |  1060 |   532 |   844 |    52 ||  3211
Dodge: Dodged            |    62 |    40 |   235 |   207 |   404 |   710 |   360 |   800 |    35 ||  2853
Block: Tower shield      |       |    12 |       |       |       |       |       |       |       ||    12
       Kite shield       |       |       |    45 |    86 |       |       |       |    60 |    13 ||   204

Table legend: (Time is in decaauts)
 A = Elapsed time spent in this place.
 B = Non-inter-level travel time spent in this place.
 C = Inter-level travel time spent in this place.
 D = Time resting spent in this place.
 E = Time spent auto-exploring this place.
 F = Levels seen in this place.
 G = Mean time per level.
                   A        B        C        D        E       F      G
               +--------+--------+--------+--------+--------+-----+--------+
         Total |  65715 |  61007 |   4708 |  13080 |  36776 |  58 | 1133.0 |
       Dungeon |  24044 |  21967 |   2077 |   5730 |  13038 |  15 | 1602.9 |
        Temple |    211 |    184 |     27 |      0 |    183 |   1 |  211.0 |
          Lair |   9561 |   8489 |   1072 |    996 |   6468 |   6 | 1593.5 |
         Swamp |   3369 |   3232 |    137 |    838 |   1886 |   4 |  842.2 |
   Spider Nest |   4793 |   4689 |    104 |   1154 |   2778 |   4 | 1198.2 |
    Slime Pits |   2656 |   2499 |    157 |   1833 |      0 |   5 |  531.2 |
  Orcish Mines |   3593 |   3281 |    312 |   1308 |   1617 |   2 | 1796.5 |
   Elven Halls |   2563 |   2427 |    136 |      0 |   1803 |   3 |  854.3 |
        Vaults |   7000 |   6575 |    425 |    112 |   4801 |   5 | 1400.0 |
        Depths |   4520 |   4372 |    148 |    358 |   2950 |   5 |  904.0 |
           Zot |   1504 |   1395 |    109 |    262 |    607 |   5 |  300.8 |
        Bazaar |    379 |    379 |      0 |      0 |    368 |   1 |  379.0 |
    Desolation |    598 |    598 |      0 |    138 |      0 |   1 |  598.0 |
      Gauntlet |    916 |    916 |      0 |    350 |    277 |   1 |  916.0 |
               +--------+--------+--------+--------+--------+-----+--------+

Top non-repeatable levels by time:
    D:13: 2826 daAuts
    D:11: 2600 daAuts
    D:10: 2563 daAuts
  Lair:6: 2446 daAuts
    D:15: 2324 daAuts
Spider:3: 2000 daAuts
   Orc:2: 1951 daAuts
  Lair:4: 1920 daAuts
Depths:3: 1801 daAuts
    D:14: 1675 daAuts
    D:12: 1655 daAuts
   Orc:1: 1642 daAuts
  Lair:3: 1605 daAuts
Vaults:3: 1552 daAuts
     D:7: 1538 daAuts
